[Event "Live Chess"]
[Site "Chess.com"]
[Date "2023.05.21"]
[Round "-"]
[White "SupremeTactician"]
[Black "laminaaprod"]
[Result "0-1"]
[WhiteElo "2317"]
[BlackElo "2248"]
[TimeControl "300"]
[EndTime "17:49:04 PDT"]
[Termination "laminaaprod won by resignation"]

1. e4 e5 2. Nf3 d5 3. Nxe5 Bd6 4. d4 dxe4 5. Nc3 Bxe5 6. dxe5 Qxd1+ 7. Nxd1 Nc6 8. Bf4 Nge7 9. Nc3 Ng6 10. Bg3 Bd7 11.
Nxe4 Ncxe5 12. Bxe5 Nxe5 13. O-O-O O-O-O 14. Be2 Bc6 15. f3 Bxe4 16. fxe4 f6 17. c3 c6 18. Kc2 Rxd1 19. Rxd1 Rd8 20. Rxd8+ Kxd8 21. b3 Ke7 22. g3 Kd6 23. c4 Nd7 24. Kc3 Ke5 25. Kd3 Nc5+ 26. Ke3 Nxe4 27. Bd3 f5 28. g4 f4+ 29. Kf3 Ng5+ 30. Kf2 h6 31. h4 Ne6 32. Bf5 Nd4 33. Bc8 b6 34. Bd7 c5 35. g5 hxg5 36. hxg5 Nc2 37.
Ba4 Nb4 38. a3 Nc2 39. Bd7 Nxa3 0-1

[Event "Live Chess"]
[Site "Chess.com"]
[Date "2023.05.21"]
[Round "-"]
[White "CheckThis4"]
[Black "Tushinskiy"]
[Result "1-0"]
[WhiteElo "2513"]
[BlackElo "2159"]
[TimeControl "300"]
[EndTime "17:49:30 PDT"]
[Termination "CheckThis4 won by resignation"]

1. d4 d5 2. c4 c6 3. Nc3 e6 4. e4 dxe4 5. Nxe4 Nf6 6. Nxf6+ gxf6 7. Nf3 Nd7 8. Be2 b6 9. O-O Bb7 10. Re1 Qc7 11. d5 cxd5 12. cxd5 Bxd5 13. Ba6 Be7 14.
Bh6 Nc5 15. Bb5+ Bc6 16. Nd4 Bxb5 17. Nxb5 Qc6 18. Qe2 Rg8 19. g3 Rg6 20. Be3 a6 21.
Nd4 Qb7 22. b4 Nd7 23. a3 Rd8 24. Rac1 Ne5 25. Rc3 Kf8 26. f4 Ng4 27. Nc6 Rd5 28. Rec1 a5 29. h3 Nxe3 30. Qxe3 axb4 31. axb4 Kg7 32. Kh2 Bd6 33. R1c2 h5 34. h4 Rg4 35.
Qe4 Rd1 36. Rd3 Rxd3 37. Qxd3 Bf8 38. Nd8 Qe7 39. b5 e5 40. Re2 Qc5 41. Qd7 Be7 42.
Nc6 Bd6 43. fxe5 fxe5 44. Nd8 Qc4 45. Rf2 Rxh4+ 46. gxh4 Qxh4+ 47. Kg2 Qg4+ 48. Qxg4+ hxg4 49. Rxf7+ Kg6 50. Rd7 Bc5 51. Ne6 Be3 52. Nc7 Kf5 53.
Nd5 Bc5 54. Rb7 e4 55. Nxb6 e3 56. Kf1 Ke4 57. Ke2 g3 58. Na4 g2 59. Nxc5+ Kd5 60.
Rg7 Kxc5 61. Rxg2 Kxb5 62. Kxe3 1-0

[Event "Live Chess"]
[Site "Chess.com"]
[Date "2023.05.21"]
[Round "-"]
[White "Olisingapore"]
[Black "Doge_Dandolo"]
[Result "1-0"]
[WhiteElo "1806"]
[BlackElo "1932"]
[TimeControl "300"]
[EndTime "17:49:30 PDT"]
[Termination "Olisingapore won by checkmate"]

1. d4 d5 2. c4 c6 3. Nf3 Nf6 4.
g3 Bf5 5. Bg2 e6 6. Nc3 Be7 7.
Qb3 Qc8 8. Bf4 O-O 9. O-O Nbd7 10. Rfe1 Ne4 11. Nxe4 Bxe4 12. Nd2 Bxg2 13. Kxg2 Bf6 14. Nf3 Re8 15. e4 dxe4 16. Rxe4 c5 17. d5 exd5 18. Rxe8+ Qxe8 19. cxd5 b6 20. Re1 Qf8 21. Nd2 g5 22.
Bc7 Rc8 23. d6 Bd8 24. Qd5 Bxc7 25. dxc7 Rxc7 26. Ne4 h6 27. Nd6 Nf6 28. Qe5 Rd7 29. Qxf6 Qxd6 30. Re8+ Kh7 31. Rh8# 1-0

[Event "Live Chess"]
[Site "Chess.com"]
[Date "2023.05.21"]
[Round "-"]
[White "manthanit"]
[Black "KeithArkell"]
[Result "0-1"]
[WhiteElo "1047"]
[BlackElo "2605"]
[TimeControl "300"]
[EndTime "17:49:46 PDT"]
[Termination "KeithArkell won by checkmate"]

1. e4 c6 2. Nf3 d5 3. exd5 cxd5 4. d4 Nf6 5. Bd3 Nc6 6. Nc3 Bg4 7. Be3 e6 8. h3 Bxf3 9. Qxf3 Bb4 10. Bd2 Nxd4 11. O-O-O Nxf3 12. gxf3 d4 13. Ne4 Bxd2+ 14. Nxd2 O-O 15.
a3 a6 16. Kb1 b5 17. c4 dxc3 18. bxc3 Qxd3+ 19. Ka2 Qc2+ 20. Ka1 Nd5 21. Ne4 f5 22. Ng5 Nxc3 23. Rd2 Qxd2 24. Nxe6 Qa2# 0-1

[Event "Live Chess"]
[Site "Chess.com"]
[Date "2023.05.21"]
[Round "-"]
[White "gmnorfolk"]
[Black "garyjc"]
[Result "1-0"]
[WhiteElo "2126"]
[BlackElo "1036"]
[TimeControl "300"]
[EndTime "17:50:04 PDT"]
[Termination "gmnorfolk won by resignation"]

1. d4 g6 2. e4 Nf6 3. e5 Nd5 4.
Be2 Bg7 5. c4 Nb6 6. f4 O-O 7.
Nf3 d6 8. O-O N8d7 9. Nc3 dxe5 10. dxe5 Nc5 11. Be3 Ne6 12. Qxd8 Rxd8 13. Rfd1 Bd7 14.
Nd5 Nxd5 15. cxd5 Nf8 16. Rac1 Ba4 17. b3 Bd7 18. Rxc7 Bf5 19. Rxe7 Be4 20. d6 Nd7 21. Ng5 Bc2 22. Rd2 Bf5 23. g4 Bxg4 24. Bxg4 1-0

[Event "Live Chess"]
[Site "Chess.com"]
[Date "2023.05.21"]
[Round "-"]
[White "raminguy"]
[Black "peter-785"]
[Result "1-0"]
[WhiteElo "1942"]
[BlackElo "1207"]
[TimeControl "300"]
[EndTime "17:50:15 PDT"]
[Termination "raminguy won by checkmate"]

1. d4 d5 2. Nc3 c6 3. Bf4 e6 4. e3 Nf6 5. Nf3 Be7 6. Ne5 O-O 7. Bd3 Nbd7 8. g4 Nxe5 9. dxe5 Ne4 10. Nxe4 dxe4 11.
Bxe4 Qa5+ 12. c3 Rd8 13. Qf3 Qb6 14. Rb1 Ba3 15. bxa3 Qa5 16. Rb3 Qa6 17. Qh3 g6 18. Qh6 f5 19. exf6 Rd7 20. h4 Rf7 21. Bg5 e5 22. h5 Bxg4 23. f3 Bxh5 24. Rxh5 gxh5 25. Bf5 Rd8 26. Be6 Rf8 27. Qg7# 1-0

[Event "Live Chess"]
[Site "Chess.com"]
[Date "2023.05.21"]
[Round "-"]
[White "Conradical12"]
[Black "GMHarry-youtube"]
[Result "0-1"]
[WhiteElo "1633"]
[BlackElo "2041"]
[TimeControl "300"]
[EndTime "17:50:25 PDT"]
[Termination "GMHarry-youtube won by resignation"]

1. e4 c5 2. Nc3 d6 3. Nf3 Nf6 4. Bc4 g6 5. d3 Bg7 6. Be3 O-O 7.
Qd2 Nc6 8. O-O-O a6 9. a3 b5 10. Ba2 b4 11. Nd5 Nxd5 12. Bxd5 bxa3 13. c3 Rb8 14. b3 Na5 15. Bh6 Rxb3 16. Bxg7 Kxg7 17. Qa2 Rxc3+ 18. Kd2 e6 0-1

[Event "Live Chess"]
[Site "Chess.com"]
[Date "2023.05.21"]
[Round "-"]
[White "EdenHazard8"]
[Black "Long1968"]
[Result "1-0"]
[WhiteElo "1988"]
[BlackElo "1112"]
[TimeControl "300"]
[EndTime "17:50:41 PDT"]
[Termination "EdenHazard8 won on time"]

1. e4 e6 2. d4 d5 3. exd5 exd5 4. Bd3 Nf6 5. Nf3 Be7 6. O-O Bg4 7. h3 Bh5 8. c3 O-O 9. Re1 Re8 10. Nbd2 Bd6 11.
Rxe8+ Qxe8 12. Nf1 Ne4 13. Be3 Nd7 14. N1d2 Nxd2 15.
Qxd2 Bxf3 16. gxf3 Qe6 17. Kg2 Re8 18. Re1 Nf6 19. Qc2 g6 20. Bd2 Qd7 21. Rxe8+ Qxe8 22. Qb3 b6 23. Bg5 Qe6 24. Bxf6 Qxf6 25. Qxd5 Qf4 26. Bc4 Qh2+ 27. Kf1 Qxh3+ 28. Ke2 Qd7 29. Qe4 Kg7 30. Qh4 Qe7+ 31. Qxe7 Bxe7 32. f4 g5 33. Kf3 f6 34.
fxg5 fxg5 35. Kg4 Kg6 36. Bd3+ Kf6 37. f4 1-0

[Event "Live Chess"]
[Site "Chess.com"]
[Date "2023.05.21"]
[Round "-"]
[White "LutherSullivan"]
[Black "Cimon"]
[Result "1-0"]
[WhiteElo "2115"]
[BlackElo "1854"]
[TimeControl "300"]
[EndTime "17:50:43 PDT"]
[Termination "LutherSullivan won on time"]

1. e4 c5 2. Nf3 Nc6 3. c3 Nf6 4.
e5 Nd5 5. d4 cxd4 6. cxd4 d6 7.
Bc4 dxe5 8. dxe5 e6 9. O-O Be7 10. Qe2 Nb6 11. Bb3 Qc7 12. Nc3 a6 13. Bf4 O-O 14. Bg3 Bd7 15. Ne4 Nb4 16. Rac1 Qd8 17. Nc5 Bc6 18. Rfd1 Qe8 19. Nd4 Bd5 20. Bxd5 N4xd5 21. Nxb7 Qa4 22. b3 Qa3 23. Nd6 Bg5 24. Nc4 Nxc4 25. Rxc4 Rac8 26. Ra4 Qc5 27. Rc4 Qe7 28. h4 Bh6 29. Nc6 Qb7 30. Qc2 Rc7 31. Na5 Qb6 32.
Rxc7 Nxc7 33. Nc4 Qc5 34. Qd3 Nd5 35. Qd4 Qxd4 36. Rxd4 g5 37. hxg5 1-0

[Event "Live Chess"]
[Site "Chess.com"]
[Date "2023.05.21"]
[Round "-"]
[White "Biranidun"]
[Black "jimwad"]
[Result "1-0"]
[WhiteElo "2639"]
[BlackElo "1254"]
[TimeControl "300"]
[EndTime "17:50:44 PDT"]
[Termination "Biranidun won by resignation"]

1. e4 e5 2. Nf3 Nc6 3. Bc4 Bc5 4. c3 Nf6 5. d4 exd4 6. b4 Nxb4 7. cxb4 Bxb4+ 8. Bd2 Bxd2+ 9. Nbxd2 O-O 10. O-O c5 11. e5 Ne8 12. Ne4 Nc7 13. Nxc5 Ne6 14. Bxe6 dxe6 15. Qxd4 Qxd4 16. Nxd4 b6 17. Ne4 Bb7 18. Nd6 Bd5 19. Rac1 Bxa2 20. Rc7 Bd5 21. Ra1 a5 22. f4 h6 23. f5 exf5 24. N4xf5 Be6 25. Nd4 Bd5 26. Ra3 a4 27. h4 g6 28. h5 g5 29. N4f5 Be6 30.
Nxh6+ Kg7 31. Nhf5+ Bxf5 32. Nxf5+ Kh7 33. e6 Kg8 34. e7 Rfc8 35. Rxc8+ Rxc8 36. Nd6 Rc1+ 37. Kf2 Rc2+ 38. Ke3 1-0

[Event "Live Chess"]
[Site "Chess.com"]
[Date "2023.05.21"]
[Round "-"]
[White "domrobson"]
[Black "worldchessleaguelive"]
[Result "1-0"]
[WhiteElo "1738"]
[BlackElo "1362"]
[TimeControl "300"]
[EndTime "17:51:10 PDT"]
[Termination "domrobson won on time"]

1. d4 d5 2. c4 dxc4 3. Nf3 Nf6 4. e3 e6 5. Bxc4 Be7 6. O-O O-O 7. Bd3 c5 8. dxc5 Bxc5 9. Nc3 Nc6 10. a3 b6 11.
Qc2 h6 12. Bd2 Bb7 13. Rfd1 Qc7 14. Rac1 Rfd8 15. Nb5 Qe7 16. b4 Bd6 17. Bc3 Rac8 18. Qb2 e5 19. Nxd6 Rxd6 20. Bxe5 Nxe5 21. Rxc8+ Bxc8 22. Qxe5 Qxe5 23. Nxe5 Bf5 24. f3 Bxd3 25. Rxd3 Rxd3 26. Nxd3 Nd5 27. e4 Nc3 28. Kf2 Kf8 29. Ke3 Nb5 30. a4 Nc7 31. Kd4 Ke7 32. f4 Ne6+ 33. Ke3 Kd6 34. f5 Nd8 35. b5 Nb7 36. Kd4 f6 37. h4 Na5 38. g4 Nb3+ 39. Kc3 Na5 40. Kb4 Nb7 41. Kc4 Nd8 42. Kd4 Nf7 43.
h5 Ng5 44. Nf4 Nf3+ 45. Ke3 Nh2 46. Ne6 Nxg4+ 47. Kd4 Ne5 48. Nxg7 Nf7 49. Ne8+ Ke7 50. Nc7 Kd7 51. Nd5 Ng5 52. Nxf6+ Ke7 53. Ng4 Nf3+ 54. Kd5 Nd2 55. e5 Nb1 56. f6+ Ke8 57. Nxh6 Nc3+ 58. Kd6 Nxa4 59. e6 Nc3 60. f7+ Kf8 61.
Kd7 Nd5 62. Ng4 a5 63. bxa6 b5 64. a7 b4 65. a8=Q+ 1-0

[Event "Live Chess"]
[Site "Chess.com"]
[Date "2023.05.21"]
[Round "-"]
[White "chessfiction"]
[Black "CeladonFish"]
[Result "1-0"]
[WhiteElo "2347"]
[BlackElo "1079"]
[TimeControl "300"]
[EndTime "17:51:42 PDT"]
[Termination "chessfiction won by checkmate"]

1. e4 d6 2. d4 Nf6 3. Nc3 g6 4. f4 Bg7 5. Nf3 O-O 6. e5 dxe5 7. fxe5 Nd5 8. Bc4 Nxc3 9. bxc3 Nc6 10. O-O Bg4 11.
Qe1 Bxf3 12. Rxf3 Na5 13. Bd3 b6 14. Bg5 c5 15. Qh4 Nc6 16. Raf1 cxd4 17. Rh3 f6 18.
Qxh7+ Kf7 19. Qxg6+ Ke6 20. Qf5+ Kd5 21. exf6+ Kd6 22.
fxg7 Rxf5 23. Rxf5 dxc3 24. Rh8 Qxh8 25. gxh8=Q Rxh8 26. h4 Rg8 27. g4 Ne5 28. Be2 e6 29.
Rf4 Nf7 30. Rxf7 e5 31. Kf2 a5 32. Ke3 b5 33. Bxb5 Rf8 34. Rxf8 e4 35. Bf4+ Ke7 36.
Rf5 a4 37. h5 a3 38. h6 Ke6 39.
h7 Ke7 40. Re5+ Kf7 41. Bc4+ Kg6 42. Re7 Kf6 43. h8=Q+ Kxe7 44. Qe5+ Kd7 45. Qd6+ Ke8 46. Qe6+ Kd8 47. Bg5+ Kc7 48. Bd5 Kb8 49. Bf4+ Ka7 50. Qd7+ Kb6 51. Qc7+ Kb5 52. Bc4+ Ka4 53. Qa7+ Kb4 54.
Bd6+ Kxc4 55. Qc5# 1-0

[Event "Live Chess"]
[Site "Chess.com"]
[Date "2023.05.21"]
[Round "-"]
[White "SupremeTactician"]
[Black "ClassyChameleon"]
[Result "1-0"]
[WhiteElo "2317"]
[BlackElo "1114"]
[TimeControl "300"]
[EndTime "17:51:48 PDT"]
[Termination "SupremeTactician won by checkmate"]

1. e4 e5 2. Nf3 Nc6 3. Nc3 Bc5 4.
Bb5 d6 5. d4 exd4 6. Nxd4 Bxd4 7. Qxd4 Ne7 8. Qxg7 Rg8 9. Qxh7 a6 10. Bxc6+ bxc6 11. g3 Kd7 12. O-O c5 13. Nd5 Nxd5 14. exd5 c6 15.
Qxf7+ Qe7 16. dxc6+ Kd8 17. Qxg8+ Qe8 18. c7+ Kd7 19. Qxe8+ Kxe8 20. Bf4 Kd7 21. Rad1 Kxc7 22. Rxd6 Kb7 23. Rfd1 Rb8 24. Rd8 Bg4 25. Rxb8+ Ka7 26. Rdd8 Bf3 27. Re8 c4 28. Re7+ Bb7 29. Rexb7# 1-0

[Event "Live Chess"]
[Site "Chess.com"]
[Date "2023.05.21"]
[Round "-"]
[White "Pablo_dmp"]
[Black "WelshTiger"]
[Result "0-1"]
[WhiteElo "1862"]
[BlackElo "2351"]
[TimeControl "300"]
[EndTime "17:51:51 PDT"]
[Termination "WelshTiger won on time"]

1. e4 c5 2. a3 d6 3. d4 cxd4 4.
Qxd4 Nc6 5. Bb5 Bd7 6. Qe3 g6 7. Bd2 Nf6 8. Nf3 Bg7 9. Bc3 O-O 10. Nbd2 Ng4 11. Qd3 Nce5 12. Bxe5 Nxe5 13. Nxe5 Bxe5 14.
Bxd7 Qxd7 15. c3 b5 16. Nf3 Bg7 17. O-O a5 18. Rad1 Qb7 19. Qd5 Rfb8 20. e5 Qxd5 21. Rxd5 dxe5 22. Nxe5 b4 23. Nc6 Rb7 24. cxb4 axb4 25.
Nxb4 Bxb2 26. Nc2 Rc8 27. Ne3 Bxa3 28. Rfd1 Bd6 29. h4 h5 30. g3 Rbc7 31. Kg2 Rc1 32.
R1d2 R1c5 33. R5d4 Kg7 34. Nd5 Rc2 35. Nb6 Rxd2 36. Rxd2 Rc6 37. Nd5 Be5 38. Nxe7 Re6 39. Nd5 Rd6 40. Rd3 Ra6 41. Nb4 Ra4 42. Nc2 Ra2 43.
Nb4 Rb2 44. Nc6 Bf6 45. Nd4 Rb4 46. Nf3 Ra4 47. Rb3 Re4 48. Rd3 Ra4 49. Rb3 Rc4 50. Rd3 Rc5 51. Rb3 Rd5 52. Ra3 Rc5 53. Rb3 Rc3 54.
Rxc3 Bxc3 55. Ng1 Kf6 56. Ne2 Be5 57. Kf3 Kf5 58. Ng1 f6 59. Nh3 g5 60. hxg5 fxg5 61. Ng1 g4+ 62. Kg2 Ke4 63. Ne2 Bd6 64. Ng1 Kd3 65. f3 Ke3 66. fxg4 hxg4 67. Nh3 Be7 68. Ng5 Bxg5 0-1

[Event "Live Chess"]
[Site "Chess.com"]
[Date "2023.05.21"]
[Round "-"]
[White "raminguy"]
[Black "Conradical12"]
[Result "1-0"]
[WhiteElo "1944"]
[BlackElo "1631"]
[TimeControl "300"]
[EndTime "17:52:02 PDT"]
[Termination "raminguy won by resignation"]

1. d4 d5 2. Nc3 Nf6 3. Bf4 c5 4. e4 dxe4 5. Nb5 Na6 6. dxc5 Qxd1+ 7. Rxd1 Bd7 8. a4 Nxc5 9. Nc7+ Kd8 10. Nxa8 e6 11.
b3 1-0

[Event "Live Chess"]
[Site "Chess.com"]
[Date "2023.05.21"]
[Round "-"]
[White "Tushinskiy"]
[Black "KGreenGator"]
[Result "1-0"]
[WhiteElo "2161"]
[BlackElo "1803"]
[TimeControl "300"]
[EndTime "17:52:51 PDT"]
[Termination "Tushinskiy won by resignation"]

1. d4 Nf6 2. c3 d5 3. Nf3 Nc6 4.
Bf4 Bf5 5. Nbd2 h6 6. Bg3 Nh5 7. e3 Nxg3 8. hxg3 e6 9. Bb5 Qd6 10. Ne5 a6 11. Qa4 Be7 12. Nxc6 O-O 13. Nxe7+ Qxe7 14.
Be2 b5 15. Qd1 c5 16. O-O Qg5 17. Nf3 Qg6 18. Re1 Qf6 19. dxc5 Rac8 20. Qd4 Qe7 21. b4 a5 22. Bxb5 axb4 23. cxb4 Rb8 24. a4 Be4 25. Rac1 f6 26. Nd2 e5 27. Qb2 Bf5 28. e4 dxe4 29. Nxe4 Rfd8 30. Nd6 Be6 31. f4 exf4 32.
Rxe6 Qc7 33. gxf4 1-0

[Event "Live Chess"]
[Site "Chess.com"]
[Date "2023.05.21"]
[Round "-"]
[White "sanjesh_ananda"]
[Black "nigelst"]
[Result "0-1"]
[WhiteElo "1330"]
[BlackElo "1786"]
[TimeControl "300"]
[EndTime "17:53:24 PDT"]
[Termination "nigelst won by resignation"]

1. e4 c6 2. Nf3 d5 3. e5 Bg4 4. d4 e6 5. h3 Bxf3 6. Qxf3 Nd7 7. Bd3 c5 8. c3 cxd4 9. cxd4 Bb4+ 10. Nc3 Ne7 11. O-O O-O 12. Qh5 g6 13. Qg4 Ba5 14. Nb5 Bc7 15. h4 a6 16. Nc3 Bb6 17.
h5 Kh8 18. Bh6 Rg8 19. Bg5 Qf8 20. Qh4 Nf5 21. Bxf5 exf5 22. h6 Bd8 23. Nxd5 Bxg5 24. Qxg5 Qd8 25. Qf4 Qa5 26. Rac1 Qxd5 0-1

[Event "Live Chess"]
[Site "Chess.com"]
[Date "2023.05.21"]
[Round "-"]
[White "SupremeTactician"]
[Black "CeladonFish"]
[Result "1-0"]
[WhiteElo "2317"]
[BlackElo "1079"]
[TimeControl "300"]
[EndTime "17:53:38 PDT"]
[Termination "SupremeTactician won by resignation"]

1. e4 d6 2. d4 Nf6 3. Nc3 g6 4. f4 Bg7 5. Nf3 O-O 6. Bd3 c5 7. O-O cxd4 8. Nxd4 Nc6 9. Nxc6 bxc6 10. h3 c5 11. Be3 d5 12. e5 d4 13. exf6 Bxf6 14.
Ne4 dxe3 15. Nxf6+ exf6 16. Qf3 c4 17. Qxa8 cxd3 18. cxd3 e2 19. Rfe1 Qxd3 20. Qf3 Qd2 21. Qxe2 Qxe2 22. Rxe2 Ba6 23. Re7 Rd8 24. Rxa7 Bd3 25.
Rd1 Rd4 26. Ra3 1-0

[Event "Live Chess"]
[Site "Chess.com"]
[Date "2023.05.21"]
[Round "-"]
[White "Doge_Dandolo"]
[Black "laminaaprod"]
[Result "0-1"]
[WhiteElo "1930"]
[BlackElo "2250"]
[TimeControl "300"]
[EndTime "17:53:46 PDT"]
[Termination "laminaaprod won by resignation"]

1. Nf3 d5 2. d4 e6 3. g3 c5 4. Bg2 Nc6 5. O-O Nf6 6. c4 Be7 7. cxd5 exd5 8. dxc5 Bxc5 9. Bg5 d4 10. a3 O-O 11. b4 Bb6 12. Nbd2 h6 13. Bxf6 Qxf6 14. Nb3 a6 15. Qd2 Bg4 16. Rfd1 Rad8 17. Rac1 Rfe8 18. h3 Bh5 19. Nc5 Re7 20. g4 Bg6 21. Ne1 Bxc5 22. Rxc5 Ne5 23. Nf3 Nxf3+ 24. Bxf3 d3 25. exd3 Qxf3 0-1

[Event "Live Chess"]
[Site "Chess.com"]
[Date "2023.05.21"]
[Round "-"]
[White "Missedidea"]
[Black "Fazer180"]
[Result "1/2-1/2"]
[WhiteElo "1834"]
[BlackElo "1744"]
[TimeControl "300"]
[EndTime "17:53:57 PDT"]
[Termination "Game drawn by repetition"]

1. d4 e6 2. c4 d5 3. Nc3 Nf6 4. Bg5 Be7 5. e3 O-O 6. Nf3 h6 7. Bh4 c6 8. Rc1 Nbd7 9. Bd3 dxc4 10. Bxc4 Nb6 11. Bb3 Nfd5 12. Bxe7 Qxe7 13. O-O Nxc3 14. bxc3 c5 15. c4 cxd4 16. exd4 Rd8 17. Qe2 Qf6 18. Rfd1 Bd7 19. d5 exd5 20. cxd5 Rac8 21. Rxc8 Rxc8 22. Qe5 Qxe5 23. Nxe5 Ba4 24. d6 Bxb3 25. axb3 Rd8 26. f4 Nc8 27. Nc4 b5 28. d7 bxc4 29. dxc8=Q Rxc8 30. Rc1 c3 31. Kf2 Kf8 32. Ke3 Ke7 33. Kd3 c2 34. Rxc2 Rxc2 35. Kxc2 Kd6 36. Kd3 Kc5 37.
g4 a5 38. h4 g6 39. h5 gxh5 40. gxh5 f5 41. Kc3 Kb5 42. Kc2 Kb4 43. Kb2 Kc5 44.
Kc3 Kd5 45. Kd3 Kc5 46. Kc3 1/2-1/2

[Event "Live Chess"]
[Site "Chess.com"]
[Date "2023.05.21"]
[Round "-"]
[White "domrobson"]
[Black "jimwad"]
[Result "1-0"]
[WhiteElo "1739"]
[BlackElo "1253"]
[TimeControl "300"]
[EndTime "17:53:58 PDT"]
[Termination "domrobson won by resignation"]

1. d4 d5 2. c4 c6 3. Nf3 Nf6 4. Nc3 Bf5 5. Qb3 Qd7 6. Ne5 Qc7 7.
cxd5 cxd5 8. e4 dxe4 9. Qxf7+ Kd8 10. Bd2 Nbd7 11. Nxd7 Qxd7 12. d5 e6 13. dxe6 Qxf7 14. exf7 Ke7 15. Bc4 Rc8 16. Bb3 Be6 17. Bxe6 Kxe6 18. O-O Kxf7 19. Rfe1 Bc5 20. Nxe4 Nxe4 21. Rxe4 Rhf8 22. Bb4 Bxf2+ 23. Kxf2 Kg8+ 24. Bxf8 Rxf8+ 25. Ke3 1-0

[Event "Live Chess"]
[Site "Chess.com"]
[Date "2023.05.21"]
[Round "-"]
[White "xx_blindpuffin_xx"]
[Black "Jo1ts"]
[Result "1-0"]
[WhiteElo "2196"]
[BlackElo "820"]
[TimeControl "300"]
[EndTime "17:54:16 PDT"]
[Termination "xx_blindpuffin_xx won by checkmate"]

1. e4 d5 2. exd5 Qxd5 3. Nc3 Qd8 4. Nf3 Nf6 5. d4 Bg4 6. Be2 g6 7. O-O Bg7 8. h3 Bxf3 9. Bxf3 O-O 10. Ne2 Nbd7 11.
Bf4 Re8 12. c4 e5 13. dxe5 Nxe5 14. Bxe5 Rxe5 15. Nc3 c6 16. Qb3 Rb8 17. Rfd1 Qb6 18. Qc2 Rbe8 19. Rac1 Rc5 20. Na4 Qb4 21. Nxc5 Qxc5 22.
a3 Bh6 23. b4 Qe7 24. Rb1 Nd7 25. g3 Qe6 26. Bg2 Nf6 27. c5 Nh5 28. Rd6 Qe5 29.
Rd7 Qe2 30. Qxe2 Rxe2 31. Rxb7 a6 32. Bxc6 Ra2 33. Bd5 Rxa3 34. Rxf7 Kh8 35. Re1 Ng7 36. Rf8# 1-0

[Event "Live Chess"]
[Site "Chess.com"]
[Date "2023.05.21"]
[Round "-"]
[White "romchyk1219"]
[Black "CheckThis4"]
[Result "0-1"]
[WhiteElo "634"]
[BlackElo "2513"]
[TimeControl "300"]
[EndTime "17:54:27 PDT"]
[Termination "CheckThis4 won by checkmate"]

1. e4 d5 2. d4 dxe4 3. Nc3 e5 4. dxe5 Qxd1+ 5. Nxd1 Nc6 6. f3 Nxe5 7. fxe4 Nf6 8.
Nc3 Bb4 9. Bd3 Bg4 10. Bf4 Nxd3+ 11. cxd3 O-O-O 12. Nf3 Rxd3 13. O-O Bxc3 14. bxc3 Rxc3 15. Ng5 Re8 16. e5 Nd5 17. Bd2 Rc2 18. Ba5 b6 19.
Be1 Rxe5 20. Nxf7 Ree2 21. Rf2 h5 22. h3 Bd7 23. Rxe2 Rxe2 24. Bg3 Ne3 25. Re1 Rxg2+ 26. Kh1 Rxg3 27. Ng5 Bc6+ 28. Kh2 Rg2+ 29. Kh1 Rxg5+ 30.
Kh2 Rg2+ 31. Kh1 Nf5 32. Rg1 Ng3# 0-1

[Event "Live Chess"]
[Site "Chess.com"]
[Date "2023.05.21"]
[Round "-"]
[White "blowerd"]
[Black "grillage"]
[Result "0-1"]
[WhiteElo "1392"]
[BlackElo "1802"]
[TimeControl "300"]
[EndTime "17:54:36 PDT"]
[Termination "grillage won by checkmate"]

1. e4 d5 2. exd5 Qxd5 3. Nc3 Qd8 4. d4 Nf6 5. Bc4 a6 6. Nf3 b5 7. Bb3 c5 8. dxc5 Qxd1+ 9. Nxd1 e6 10. Be3 Bb7 11. Nc3 Nbd7 12. O-O-O Bxc5 13. Bxc5 Nxc5 14. Rhe1 O-O 15. Ng5 h6 16. Nge4 Ncxe4 17. Nxe4 Bxe4 18. Rd4 Bd5 19. Bxd5 Nxd5 20. c4 bxc4 21. Rxc4 Rfc8 22. Rxc8+ Rxc8+ 23. Kb1 g6 24. b3 Kg7 25. Re2 Nc3+ 26. Kb2 Nxe2 27. f3 Nf4 28. g3 Nd3+ 29. Ka3 Rc5 30. b4 Rc4 31. Kb3 Rc1 32. a4 Rb1+ 33. Kc4 Nxb4 34. a5 Nc6 35. Kc5 Nxa5 36. f4 Nb3+ 37.
Kd6 Nd4 38. h4 Nf5+ 39. Kc5 Nxg3 40. Kd6 Nf5+ 41. Ke5 Nxh4 42. f5 Nxf5 43. Ke4 a5 44. Ke5 a4 45. Ke4 a3 46. Ke5 a2 47. Kf4 a1=Q 48.
Ke4 Qa5 49. Kf4 Rb4+ 50. Kf3 Qa3+ 51. Ke2 Rb2+ 52. Kd1 Qa1# 0-1

[Event "Live Chess"]
[Site "Chess.com"]
[Date "2023.05.21"]
[Round "-"]
[White "LodeshChess"]
[Black "smoggyrabbit"]
[Result "0-1"]
[WhiteElo "1159"]
[BlackElo "1748"]
[TimeControl "300"]
[EndTime "17:54:40 PDT"]
[Termination "smoggyrabbit won by resignation"]

1. e4 e6 2. d4 d5 3. e5 c5 4.
c3 Nc6 5. Nf3 Bd7 6. Bd3 Rc8 7.
O-O cxd4 8. cxd4 Nb4 9. a3 Nxd3 10. Qxd3 Ne7 11. b4 Nf5 12. Bg5 Be7 13. Bxe7 Qxe7 14.
Nc3 O-O 15. Ne2 a6 16. Rac1 Bb5 17. Qd2 Qd7 18. Rxc8 Rxc8 19. Rc1 Rxc1+ 20. Nxc1 Qc6 21. Nb3 Qc4 22. Qd1 Ba4 23. Nfd2 Qd3 24. Nc5 Bxd1 25. Nxd3 Nxd4 26. Nc5 Nc2 27. Nxb7 Nxa3 28. Nc5 Be2 29. Ndb3 Nc2 30. b5 axb5 31. f3 Kf8 32. Kf2 Bc4 33. f4 Ke7 34. g3 Kd8 35. h4 Kc7 36. Na6+ Kb6 37. Nac5 b4 38. Kf3 Kb5 39. Kg4 Bxb3 40.
Nxb3 Kc4 41. Na5+ Kc3 42. h5 b3 43. Nxb3 Kxb3 44. h6 gxh6 45. Kh5 d4 46. Kg4 d3 47. Kf3 Kc3 0-1

[Event "Live Chess"]
[Site "Chess.com"]
[Date "2023.05.21"]
[Round "-"]
[White "GMHarry-youtube"]
[Black "peter-785"]
[Result "1-0"]
[WhiteElo "2041"]
[BlackElo "1207"]
[TimeControl "300"]
[EndTime "17:54:42 PDT"]
[Termination "GMHarry-youtube won by resignation"]

1. e4 c5 2. Nf3 d6 3. Bb5+ Nd7 4. a4 a6 5. Be2 b6 6. d4 cxd4 7. Nxd4 Bb7 8. f3 e6 9. O-O Ngf6 10. c4 Be7 11.
Nc3 O-O 12. Be3 Rc8 13. b3 Ne5 14. h3 Re8 15. f4 Nc6 16. Nxc6 Bxc6 17. Bd3 Qc7 18.
g4 Bb7 19. g5 Nd7 20. Qh5 g6 21. Qh6 Bf8 22. Qh4 Bg7 23. Rac1 Qc6 24. f5 exf5 25. Nd5 fxe4 26. Bxe4 Rxe4 27. Qxe4 Ne5 28. Ne7+ 1-0

[Event "Live Chess"]
[Site "Chess.com"]
[Date "2023.05.21"]
[Round "-"]
[White "therealab0ne"]
[Black "luckywookie"]
[Result "1-0"]
[WhiteElo "717"]
[BlackElo "756"]
[TimeControl "300"]
[EndTime "17:55:16 PDT"]
[Termination "therealab0ne won by checkmate"]

1. e4 c6 2. d4 d5 3. f3 dxe4 4. fxe4 e6 5. Nf3 c5 6. Bb5+ Nc6 7. O-O a6 8. Ba4 b5 9. Bg5 Nf6 10. Bxf6 gxf6 11. dxc5 bxa4 12. Qxd8+ Nxd8 13. Nc3 Nc6 14. Nxa4 Rb8 15. b3 Rb4 16. Nd2 e5 17. Nc4 Bg4 18. h3 Be6 19. Nd6+ Bxd6 20. cxd6 Kd7 21. Rad1 Rxe4 22. Nc5+ Ke8 23. Nxe4 Nd4 24. Nxf6+ Kf8 25. c3 Ne2+ 26. Kf2 Nf4 27. d7 Bxd7 28. Nxd7+ Ke7 29. c4 Ne6 30. c5 Rd8 31. c6 Nc7 32. Nxe5 Rxd1 33. Rxd1 Ke6 34. Nxf7 Kxf7 35. Rd7+ Ke6 36.
Rxc7 Kd6 37. Rxh7 Kxc6 38. Rf7 Kc5 39. g4 a5 40. g5 Kb4 41. g6 Ka3 42. g7 Kxa2 43.
g8=Q Kb2 44. Qg7+ Kxb3 45. Qg4 a4 46. Ke3 a3 47. Kd4 a2 48. Rf3+ Kc2 49. Qg2+ Kd1 50.
Rf1# 1-0

[Event "Live Chess"]
[Site "Chess.com"]
[Date "2023.05.21"]
[Round "-"]
[White "Hussamalhaidar"]
[Black "Tilbs_12"]
[Result "0-1"]
[WhiteElo "1091"]
[BlackElo "1555"]
[TimeControl "300"]
[EndTime "17:55:34 PDT"]
[Termination "Tilbs_12 won by resignation"]

1. b3 e5 2. Bb2 Nc6 3. e3 a6 4.
d4 exd4 5. exd4 d5 6. c4 Nf6 7. cxd5 Nxd5 8. Bc4 Be6 9. Qe2 Be7 10. Nc3 Bb4 11. Bxd5 Bxc3+ 12. Bxc3 Qxd5 13. Nf3 O-O 14. O-O-O Rae8 15. Ne5 Nxe5 16. dxe5 Qc6 17. Kb2 Rd8 18.
f4 Bd5 19. h4 Bxg2 20. Rhg1 Bf3 21. e6 Bxe2 22. Rxg7+ Kh8 23. Rxf7+ Kg8 24. Rg7+ Kh8 25.
Rxc7+ Qxc3+ 26. Rxc3 Rxd1 27. e7 Re8 28. Rc8 Rxc8 0-1

[Event "Live Chess"]
[Site "Chess.com"]
[Date "2023.05.21"]
[Round "-"]
[White "CeladonFish"]
[Black "Doge_Dandolo"]
[Result "0-1"]
[WhiteElo "1079"]
[BlackElo "1930"]
[TimeControl "300"]
[EndTime "17:55:35 PDT"]
[Termination "Doge_Dandolo won by resignation"]

1. d4 d5 2. c4 c6 3. Nc3 Nf6 4. Bf4 a6 5. Nf3 Bf5 6. e3 e6 7. a3 Be7 8. b4 O-O 9. cxd5 cxd5 10. a4 Nc6 11. b5 axb5 12. Nxb5 Bb4+ 13. Ke2 Ne4 14. Nc7 Nc3+ 15. Kd2 Nxd1+ 0-1